 Dungeon Crawl Stone Soup version 0.31.0-11-ge490571c62 (webtiles) character file.

Game seed: 15378418044689084443

116 Gadfly the Insei (level 4, -4/52 HPs)
             Began as a Demonspawn Monk on Feb 2, 2024.
             Slain by a kobold brigand
             ... wielding a +0 dagger
              (7 damage)
             ... in a sewer.
             The game lasted 00:02:54 (2103 turns).

Gadfly the Insei (Demonspawn Monk)                  Turns: 2103, Time: 00:02:55

Health: -4/52      AC:  3    Str: 13    XL:     4   Next: 70%
Magic:  4/4        EV: 13    Int: 10    God:
Gold:   63         SH:  0    Dex: 16    Spells: 3/3 levels left

rFire   . .          .
                       - Unarmed
rCold   . . .        c - orb {light}
rNeg    . . .        a - +0 robe
rPois   .            i - +1 hat
rElec   .            (no cloak)
rCorr   .            (no gloves)
SInv    +            (no boots)
Will    .....        (no amulet) Stlth
                     j - ring of see invisible
HPRegen 0.28/turn    (no ring)
MPRegen 0.09/turn

%: no passive effects
@: mighty, berserking, glowing, very quick
A: ignite blood 1
a: no special abilities


You were in a sewer.
You visited 1 branch of the dungeon, and saw 3 of its levels.
You also visited: Sewer.

You collected 63 gold pieces.

Inventory:

Hand Weapons
 b - a +3 whip
Armour
 a - a +0 robe (worn)
 c - an orb of light (worn)
 i - a +1 hat (worn)
Jewellery
 j - a ring of see invisible (left hand)
Scrolls
 f - 5 scrolls of identify
Potions
 g - a potion of haste
 h - 3 potions of curing {unknown}
 k - a potion of heal wounds {unknown}


   Skills:
 - Level 3.0 Fighting
 + Level 3.1 Dodging
 * Level 3.5 Unarmed Combat
 * Level 2.1 Evocations
 * Level 1.7 Shapeshifting


You had 3 spell levels left.
You didn't know any spells.
Your spell library was empty.

Dungeon Overview and Level Annotations

Branches:
Dungeon (3/15)              Sewer (1/1)

Altars:
Fedhas


Innate Abilities, Weirdness & Mutations

Your demonic aura sometimes causes spilled blood to erupt in flames.


Message History

You are too injured to fight recklessly!
You are too injured to fight recklessly!
You are too injured to fight recklessly!
You are too injured to fight recklessly!
You are too injured to fight recklessly!
You are too injured to fight recklessly!
You are too injured to fight recklessly!
You are too injured to fight recklessly!
You are too injured to fight recklessly!
You feel sick.
You are no longer poisoned.
The kobold brigand hits you with a +0 dagger.
* * * LOW HITPOINT WARNING * * *
The kobold brigand splashes around in the water.
You are too injured to fight recklessly!
You hit the kobold brigand but do no damage.
The kobold brigand hits you with a +0 dagger!
* * * LOW HITPOINT WARNING * * *
You hit the kobold brigand.
The kobold brigand is lightly wounded.
The kobold brigand misses you.
It was a potion of might.
You feel very mighty all of a sudden.
The kobold brigand is engulfed in a cloud of scalding steam.
The kobold brigand hits you with a +0 dagger.
* * * LOW HITPOINT WARNING * * *
Okay, then.
It was a potion of berserk rage.
A red film seems to cover your vision as you go berserk!
You feel yourself moving faster!
You feel mighty!
The kobold brigand hits you with a +0 dagger.
* * * LOW HITPOINT WARNING * * *
You are too berserk!
Unknown command.
You hit the kobold brigand.
The kobold brigand is heavily wounded.
You barely miss the kobold brigand.
The kobold brigand is heavily wounded.
The kobold brigand hits you with a +0 dagger!
You die...

#..~P...~~...~~P≈≈≈
#.)~~~~...~~..P########≈
#~.†.#~#...~.~~.≈≈≈≈≈≈≈≈
..~###~####..~~.≈≈≈≈≈≈≈≈
#### #~# ##~.~.≈≈≈≈≈≈≈.
# #~# #....~≈≈≈≈≈≈. #
#~# ###~~~≈≈≈≈≈≈. ###
#~# #~.~≈≈≈≈≈≈. ~~~ #~
##~@≈≈≈≈≈≈~ ###
########K.≈≈≈≈≈≈≈ .~###
#!~~~K~~~~≈≈≈≈≈≈≈ ~PP~#
########~≈≈≈≈≈≈≈≈ #~#.P
≈≈≈≈≈≈≈≈≈≈ # ≈≈≈≈≈≈≈≈≈≈≈
# ≈≈≈≈≈≈≈≈≈≈≈ #
≈≈≈≈≈≈≈≈≈≈≈≈ #
###≈≈≈≈≈#≈#


You could see a kobold brigand.

Vanquished Creatures
  5 adders
  2 river rats
  3 ribbon worms
  A ball python (D:3)
  2 endoplasms
  2 giant cockroaches
  3 goblins
  3 hobgoblins (D:3)
  5 jackals
  A quokka (D:1)
  7 bats
  4 frilled lizards
  6 kobolds
  6 rats
50 creatures vanquished.

Notes
Turn   | Place    | Note
-------+----------+-------------------------------------------
     0 | D:1      | Gadfly the Demonspawn Monk began the quest for the Orb.
     0 | D:1      | Reached XP level 1. HP: 18/18 MP: 1/1
   280 | D:1      | Gained mutation: Your demonic aura sometimes causes spilled
                  | blood to erupt in flames. [demonic ancestry]
   280 | D:1      | Reached XP level 2. HP: 9/24 MP: 2/2
   675 | D:2      | Reached skill level 1 in Evocations
   914 | D:2      | Reached skill level 1 in Shapeshifting
  1247 | D:2      | Found a blossoming altar of Fedhas.
  1420 | D:3      | Reached XP level 3. HP: 28/29 MP: 3/3
  1839 | D:3      | Reached XP level 4. HP: 30/35 MP: 4/4
  1895 | D:3      | Found a glowing drain.
  1902 | Sewer    | Entered a sewer
  2088 | Sewer    | Noticed a kobold brigand
  2103 | Sewer    | Slain by a kobold brigand

Illustrated notes

Levels and vault maps discovered:
D:1:      shiori_arrival_elements, layout_rooms, serial_curves, eino_curves_04,
          eino_curves_01
D:2:      layout_loops_ring, basic_altar
D:3:      layout_basic, portal_sewer_entry_b, dk_vineyard_3, minmay_liquid_box
Sewer:    sewer_co_scattered_pipes

Skill      XL: |  1  2  3  4 |
---------------+-------------+-----
Evocations     | 1 2 |  2.1
Unarmed Combat | 3 |  3.5
Shapeshifting  | 1 |  1.7
Dodging        | 3 |  3.1
Fighting       | |  3.0

Action                     |  1- 3 |  4- 6 || total
---------------------------+-------+-------++-------
  Melee: Unarmed           |   147 |    77 ||   224
    Use: Scroll            |     6 |       ||     6
         Potion            |       |     3 ||     3
 Armour: Robe              |    77 |    39 ||   116
  Dodge: Dodged            |    99 |    36 ||   135
